 Dungeon Crawl Stone Soup version 0.23-b1-3-gdda8187 (console) character file.

Game seed: 7172443305084118523

366 erker the Chopper (level 7, 0/54 HPs)
             Began as a Formicid Fighter on Jan 31, 2019.
             Slain by a bullfrog skeleton (4 damage)
             ... on level 4 of the Dungeon.
             The game lasted 00:06:18 (2752 turns).

erker the Chopper (Formicid Fighter)                Turns: 2752, Time: 00:06:19

Health: 0/54       AC:  8    Str: 26    XL:     7   Next: 0%
Magic:  7/7        EV:  9    Int: 10    God:
Gold:   95         SH: 10    Dex: 12    Spells: 6/6 levels left

rFire    . . .     SeeInvis +   a - +1 war axe
rCold    . . .     Gourm    .   c - +0 shield
rNeg     . . .     Faith    .   b - +0 scale mail
rPois    .         Spirit   .   (helmet unavailable)
rElec    .         Reflect  .   r - +0 cloak
rCorr    .         Harm     .   (no gloves)
MR       .....                  (no boots)
Stlth    ..........             (no amulet)
HPRegen  0.18/turn              s - +3 ring of intelligence
MPRegen  0.10/turn              (no ring)

@: mighty
A: permanent stasis, dig shafts and tunnels, four strong arms, antennae 3, thin
skeletal structure 1, weak 1
a: Dig, Shaft Self


You were on level 4 of the Dungeon.
You were not hungry.

You visited 1 branch of the dungeon, and saw 4 of its levels.

You collected 95 gold pieces.

Inventory:

Hand Weapons
 a - a +1 war axe (weapon)
Missiles
 h - 13 arrows
 k - 61 bolts
 n - 5 javelins of returning
 q - 6 poisoned needles
 w - 4 javelins (quivered)
Armour
 b - a +0 scale mail (worn)
 c - a +0 shield (worn)
 r - a +0 cloak (worn)
Jewellery
 s - a +3 ring of intelligence (left hand)
Scrolls
 e - 2 scrolls of identify {unknown}
 p - 3 scrolls of amnesia {unknown}
 t - 3 scrolls of remove curse {unknown}
 u - a scroll of fear {unknown}
Potions
 g - a potion of mutation
 i - a potion of lignification {unknown}
 l - a potion of brilliance {unknown}
 x - 2 potions of curing {unknown}
Comestibles
 f - 5 rations


   Skills:
 + Level 4.0 Fighting
 * Level 5.2 Axes
 + Level 4.3 Armour
 + Level 0.8 Dodging
 + Level 4.7 Shields


You had 6 spell levels left.
You didn't know any spells.
Your spell library was empty.

Dungeon Overview and Level Annotations

Branches:
Dungeon (4/15)
 Temple: D:4-7

Altars:
Kikubaaqudgha
Zin

Shops:
D:4 *

Annotations:
D:4 1 transporter


Innate Abilities, Weirdness & Mutations

You cannot be hasted, slowed, berserked, paralysed or teleported.
You can dig through walls and to a lower floor.
Your four strong arms can wield two-handed weapons with a shield.
You have a pair of large antennae on your head. (SInv)
You have a somewhat thin skeletal structure. (Dex +2, Stealth)
You are weak. (Str -2)


Message History

You kill the orc priest!
You have reached level 7!
You barely miss the iguana. You completely miss the iguana.
You slash the bullfrog skeleton!
You block the bullfrog skeleton's attack.
You block the iguana's attack. The iguana bites you.
* * * LOW HITPOINT WARNING * * *
You block the bullfrog skeleton's attack.
You slash the iguana!
The iguana is severely wounded.
You barely miss the iguana. You slash the bullfrog skeleton!
The iguana barely misses you. The iguana bites you!
* * * LOW HITPOINT WARNING * * *
The bullfrog skeleton hits you but does no damage.
An iguana comes into view.
It was a potion of mutation.
You feel extremely strange.
You feel weaker.
Your bones become slightly less dense.
The iguana hisses angrily.
The bullfrog skeleton hits you.
You die...

,,,,,,* #..%#...#,,,,*
,©,,,,* #.#####.#***,*
******* #.#####.####.###*****
,©,,,,**#.#.............,,,,*
,,,,*,,*#.#......###.###***,*
,,,,**,*#.#......# *,,,,*,,,*
**,,,*,,#.#......# ****,*,***
,,,,,**,#.#....l.# *,,,*
,,,,,**,*,#...(l@# *****
,,,,,**,*,#....[Z#
,,,,,**,*,#...$..#
,,,,,,*,,,#.....w#
,,,,,,**,,#......#********
,,***,**,,#.......,,,,,,,*
,,***,,,,,#####..l,,,,,,,*
*,,**,,,,,* #...,,,,,,,*
**,**,,,,>* *,,,,,,,,,,*


You could see a worm, 3 iguanas and a bullfrog skeleton.

Vanquished Creatures
  2 vampire bats (D:3)
  3 hounds
  2 orc priests
  7 adders
  A dart slug (D:2)
  4 leopard geckos
  6 orcs
  7 bats
  3 bat skeletons (D:3)
  3 bat zombies (D:3)
  3 giant cockroaches
  8 goblins
  4 hobgoblins
  2 quokkas
  6 frilled lizards
  7 kobolds
  7 rats
75 creatures vanquished.

Notes
Turn   | Place    | Note
-------+----------+-------------------------------------------
     0 | D:1      | erker the Formicid Fighter began the quest for the Orb.
     0 | D:1      | Reached XP level 1. HP: 18/18 MP: 1/1
   236 | D:1      | Reached XP level 2. HP: 24/24 MP: 2/2
   767 | D:2      | Reached XP level 3. HP: 25/29 MP: 3/3
  1072 | D:2      | Reached skill level 3 in Axes
  1172 | D:2      | Reached XP level 4. HP: 35/36 MP: 4/4
  1509 | D:2      | Found a faded altar of an unknown god.
  1715 | D:3      | Reached XP level 5. HP: 13/42 MP: 5/5
  2058 | D:3      | Found an ancient bone altar of Kikubaaqudgha.
  2067 | D:3      | Reached skill level 4 in Axes
  2090 | D:3      | Reached XP level 6. HP: 41/48 MP: 6/6
  2688 | D:4      | Found a transporter.
  2688 | D:4      | Found Zin's Purification Station.
  2688 | D:4      | Found a glowing silver altar of Zin.
  2730 | D:4      | Reached skill level 5 in Axes
  2750 | D:4      | Reached XP level 7. HP: 16/54 MP: 7/7
  2752 | D:4      | Gained mutation: You are weak. (Str -2) [potion of
                  | mutation]
  2752 | D:4      | Gained mutation: You have a somewhat thin skeletal
                  | structure. (Dex +2, Stealth) [potion of mutation]
  2752 | D:4      | Slain by a bullfrog skeleton

Skill      XL: |  1  2  3  4  5  6 |
---------------+-------------------+-----
Axes           | 3 4 5 |  5.2
Shields        | 4 |  4.7
Armour         | 4 |  4.3
Fighting       | 4 |  4.0
Dodging        | |  0.8

Action                   |  1- 3 |  4- 6 |  7- 9 || total
-------------------------+-------+-------+-------++-------
Melee: War axe           |    76 |   162 |     1 ||   239
  Use: Scroll            |       |     2 |       ||     2
       Potion            |       |     1 |     1 ||     2
  Eat: Chunk             |     1 |     5 |       ||     6
Armor: Scale mail        |    29 |    93 |     1 ||   123
Dodge: Dodged            |    24 |    74 |     1 ||    99
Block: Shield            |    49 |   103 |     3 ||   155
